 Dungeon Crawl Stone Soup version 0.29-a0-872-g797fff5ad1 (webtiles) character file.

Game seed: 13366932036154791869

670 Kazon the Slasher (level 7, -3/57 HPs)
             Began as a Demigod Fighter on July 18, 2022.
             Slain by an orc warrior
             ... wielding a +0 halberd
              (7 damage)
             ... on level 5 of the Dungeon.
             The game lasted 00:20:09 (4495 turns).

Kazon the Slasher (Demigod Fighter)                 Turns: 4495, Time: 00:20:10

Health: -3/57      AC:  9    Str: 21    XL:     7   Next: 10%
Magic:  9/9        EV:  9    Int: 14    God:
Gold:   150        SH: 11    Dex: 23    Spells: 6/6 levels left

rFire   + + .      SeeInvis .   a - +0 long sword
rCold   . . .      Faith    .   c - +0 kite shield
rNeg    . . .      Spirit   .   b - +0 scale mail
rPois   .          Reflect  .   (no helmet)
rElec   .          Harm     .   r - +1 cloak of the Morning {Drain +Blink rF++ Int+4}
rCorr   +          Rampage  .   (no gloves)
Will    .....                   (no boots)
Stlth   +.........              (no amulet)
HPRegen 0.19/turn               t - +6 ring of dexterity
MPRegen 0.11/turn               B - ring of resist corrosion

@: no status effects
A: high MP 1, forlorn, divine attributes
a: Evoke Blink


You were on level 5 of the Dungeon.
You visited 1 branch of the dungeon, and saw 6 of its levels.

You collected 225 gold pieces.
You spent 75 gold pieces at shops.

Inventory:

Hand Weapons
 a - a +0 long sword (weapon)
Missiles
 e - 6 poisoned darts (quivered)
 p - 2 boomerangs
 C - a stone
Armour
 b - a +0 scale mail (worn)
 c - a +0 kite shield (worn)
 r - the +1 cloak of the Morning (worn) {Drain +Blink rF++ Int+4}
   (You found it on level 2 of the Dungeon)

   Int:       It affects your intelligence (+4).
   rF:        It greatly protects you from fire.
   +Blink:    It lets you blink.
   Drain:     It drains your maximum health when unequipped.
Jewellery
 t - a +6 ring of dexterity (left hand)
 B - a ring of resist corrosion (right hand)
Wands
 y - a wand of mindburst (14)
Scrolls
 h - 2 scrolls of enchant armour {unknown}
 i - a scroll of amnesia {unknown}
 j - a scroll of fog {unknown}
 n - a scroll of teleportation {unknown}
 o - 2 scrolls of poison {unknown}
 q - a scroll of identify {unknown}
 w - a scroll of fear {unknown}
 x - a scroll of torment {unknown}
 A - a scroll of blinking {unknown}
 D - a scroll of brand weapon {unknown}
Potions
 d - a potion of might
 f - 3 potions of curing
 g - a potion of cancellation {unknown}
 k - 2 potions of resistance {unknown}
 l - 2 potions of magic {unknown}
 m - 2 potions of degeneration {unknown}
 s - a potion of brilliance {unknown}
 u - 2 potions of lignification {unknown}
 v - 2 potions of attraction {unknown}
 z - 2 potions of flight {unknown}
 E - a potion of heal wounds {unknown}
 F - a potion of ambrosia {unknown}
 G - a potion of berserk rage


   Skills:
 + Level 3.4 Fighting
 + Level 4.5 Long Blades
 + Level 1.1 Throwing
 + Level 4.0 Armour
 + Level 1.4 Dodging
 + Level 0.2 Stealth
 + Level 4.1 Shields
 * Level 2.0 Evocations


You had 6 spell levels left.
You didn't know any spells.
Your spell library contained the following spells:

 Spells                   Type           Power      Damage    Failure   Level
 Apportation              Tloc           0%         N/A       92%         1
 Necrotise                Necr           0%         1d4       92%         1
 Sting                    Tmut/Pois      0%         1d3       92%         1
 Summon Small Mammal      Summ           0%         N/A       92%         1
 Poisonous Vapours        Pois/Air       0%         N/A       98%         2
 Cause Fear               Hex            0%         N/A       100%        4
 Olgreb's Toxic Radiance  Pois           0%         N/A       100%        4
 Dragon Form              Tmut           0%         N/A       100%        7
 Dragon's Call            Summ           0%         N/A       100%        9


Dungeon Overview and Level Annotations

Branches:
Dungeon (6/15)             Temple (0/1) D:6

Shops:
D:2 [   D:5 !


Innate Abilities, Weirdness & Mutations

You have an increased reservoir of magic. (+10% MP)
You shall have no god before yourself.
Your divine heritage dramatically boosts your attributes as you level up.


Message History

The ufetubus hits you. You block the ufetubus's attack.
You hit the ufetubus.
The ufetubus is almost dead.
You block the ufetubus's attack.
The ufetubus hits you but does no damage.
You block the orc warrior's attack. You block the ufetubus's attack.
The ufetubus hits you but does no damage.
You closely miss the ufetubus.
The ufetubus is severely wounded.
The ufetubus hits you but does no damage.
The ufetubus closely misses you.
The orc warrior hits you from afar with a +0 halberd!
You block the ufetubus's attack. x2; You block the orc warrior's attack.
You closely miss the ufetubus.
The ufetubus is severely wounded.
You block the ufetubus's attack. The ufetubus closely misses you.
The orc warrior hits you from afar with a +0 halberd.
You block the ufetubus's attack. The ufetubus barely misses you.
You closely miss the ufetubus.
The ufetubus is severely wounded.
The ufetubus barely misses you. You block the ufetubus's attack.
The orc warrior barely misses you. The ufetubus closely misses you.
The ufetubus completely misses you. You block the orc warrior's attack.
You hit the ufetubus.
You kill the ufetubus!
You block the orc warrior's attack.
The orc warrior hits you with a +0 halberd!
* * * LOW HITPOINT WARNING * * *
You hit the orc warrior.
The orc warrior is lightly wounded.
You block the orc warrior's attack.
You barely miss the orc warrior.
The orc warrior is lightly wounded.
You block the orc warrior's attack.
You slash the orc warrior!
The orc warrior is heavily wounded.
The orc warrior hits you with a +0 halberd!
* * * LOW HITPOINT WARNING * * *
The orc warrior hits you with a +0 halberd!
You die...

...........#..#
#...#...#.<.##
#....#.#......
#.....∩...#...
#....#.#.....#
#...#...#..##.
#.............
#..########.........##..
#......@ooo.....##.## #.
#$########o.>...##.# .
#....#..##.# ###..#..#
.# ##...###...#. #..###
#.... #o## #.####
.......[.......#
###.........##.


You could see an orc warrior and 3 orcs.

Vanquished Creatures
  A water moccasin (D:5)
  A black bear (D:4)
  2 ogres
  2 iguanas (D:4)
  Jessica (D:3)
  An orc wizard (D:3)
  A gnoll (D:3)
  8 adders
  An ufetubus (D:5)
  4 worms
  A dart slug (D:2)
  9 orcs
  3 ball pythons
  5 endoplasms
  4 giant cockroaches
  7 goblins
  13 hobgoblins
  6 kobolds
  8 quokkas
  5 bats
  2 frilled lizards
  10 rats
95 creatures vanquished.

Notes
Turn   | Place    | Note
-------+----------+-------------------------------------------
     0 | D:1      | Kazon the Demigod Fighter began the quest for the Orb.
     0 | D:1      | Reached XP level 1. HP: 18/18 MP: 3/3
     0 | D:1      | Noticed an orb of fire
     0 | D:1      | Noticed a tentacled monstrosity
     1 | D:1      | Noticed a golden dragon
     1 | D:1      | Noticed an iron dragon
     3 | D:1      | Noticed a shadow dragon
     3 | D:1      | Noticed a shadow dragon
     5 | D:1      | Noticed a tentacled monstrosity
     6 | D:1      | Noticed an iron dragon
    10 | D:1      | Noticed an iron dragon
    10 | D:1      | Noticed a green draconian
    12 | D:1      | Noticed a tentacled monstrosity
    14 | D:1      | Noticed a shadow dragon
    14 | D:1      | Noticed an orb of fire
    16 | D:1      | Noticed a shadow dragon
    16 | D:1      | Noticed a tentacled monstrosity
    18 | D:1      | Noticed a shadow dragon
    18 | D:1      | Noticed a shadow dragon
    20 | D:1      | Noticed an orb of fire
   411 | D:1      | Reached XP level 2. HP: 20/25 MP: 4/4
  1333 | D:2      | Reached XP level 3. HP: 27/30 MP: 5/5
  1349 | D:2      | Found Deen's Armour Shop.
  1356 | D:2      | Identified the +1 cloak of the Morning {Drain +Blink rF++
                  | Int+4}
  1469 | D:2      | Noticed an ogre
  1482 | D:2      | Killed an ogre
  1483 | D:2      | Reached XP level 4. HP: 22/38 MP: 6/6
  2193 | D:3      | Noticed Jessica
  2197 | D:3      | Reached XP level 5. HP: 45/45 MP: 7/7
  2215 | D:3      | Killed Jessica
  2721 | D:3      | Reached skill level 1 in Dodging
  3333 | D:4      | Reached XP level 6. HP: 11/51 MP: 8/8
  3338 | D:4      | HP: 1/51 [worm (4)]
  3358 | D:5      | Entered Level 5 of the Dungeon
  3489 | D:5      | Reached skill level 1 in Evocations
  3617 | D:4      | Reached skill level 1 in Throwing
  3938 | D:5      | Found Pasogh's Distillery.
  3941 | D:5      | Noticed a water moccasin
  3943 | D:5      | Bought a potion of berserk rage for 75 gold pieces
  3965 | D:5      | Killed a water moccasin
  3966 | D:5      | Reached XP level 7. HP: 20/57 MP: 9/9
  4202 | D:6      | Found a staircase to the Ecumenical Temple.
  4495 | D:5      | Slain by an orc warrior

Illustrated notes

Levels and vault maps discovered:
D:1:      shiori_arrival_whats_in_store_for_you, layout_basic,
          hellmonk_ecumenical_altar_leap_of_faith
D:2:      minmay_angry_zag, layout_basic, serial_shops, shop
D:3:      layout_rooms, minmay_vboxes, uniq_jessica
D:4:      layout_cave_pools
D:5:      layout_rooms, serial_shops, nicolae_shop_advertising_works
          [nicolae_subvault_shop_adworks], sigmund_edmund_badplayer
D:6:      layout_loops_corners, ashenzari_altar_1, minmay_temple_entry_junction,
          ebering_ghost_sewer_d

Skill      XL: |  1  2  3  4  5  6  7 |
---------------+----------------------+-----
Long Blades    | 2 3 4 |  4.5
Armour         | 3 4 |  4.0
Shields        | 3 4 |  4.1
Fighting       | 3 |  3.4
Dodging        | 1 |  1.4
Evocations     | 1 2 |  2.0
Throwing       | 1 |  1.1
Stealth        | |  0.2

Action                   |  1- 3 |  4- 6 |  7- 9 || total
-------------------------+-------+-------+-------++-------
Melee: Long sword        |   126 |   225 |    36 ||   387
Throw: Stone             |     5 |    28 |       ||    33
       Dart              |     4 |     6 |       ||    10
       Boomerang         |       |     3 |       ||     3
 Abil: Evoke Blink       |       |     1 |       ||     1
  Use: Scroll            |       |     1 |       ||     1
       Potion            |       |     1 |       ||     1
Armor: Scale mail        |    65 |    90 |    19 ||   174
Dodge: Dodged            |    50 |    60 |    20 ||   130
Block: Buckler           |    25 |       |       ||    25
       Kite shield       |    27 |   125 |    45 ||   197

Table legend: (Time is in decaauts)
 A = Elapsed time spent in this place.
 B = Non-inter-level travel time spent in this place.
 C = Inter-level travel time spent in this place.
 D = Time resting spent in this place.
 E = Time spent auto-exploring this place.
 F = Levels seen in this place.
 G = Mean time per level.
                   A        B        C        D        E       F      G
               +--------+--------+--------+--------+--------+-----+--------+
         Total |   4665 |   4611 |     54 |    622 |   1658 |   6 |  777.5 |
       Dungeon |   4665 |   4611 |     54 |    622 |   1658 |   6 |  777.5 |
               +--------+--------+--------+--------+--------+-----+--------+

Top non-repeatable levels by time:
     D:2: 1201 daAuts
     D:3: 1051 daAuts
     D:1: 958 daAuts
     D:4: 800 daAuts
     D:5: 376 daAuts
     D:6: 276 daAuts
